Map: Império Eterno LE

Players

LowLinK - Winner!

  • Race: Protoss Protoss
  • League: Platinum
  • Spawn Location: 7:00

VOD

Have the link to the VOD?

Description

Time

  • Played on: Feb. 15, 2020, 3:29 p.m.
  • Length: 7:31
Show
View Real Time Build Order
Export as new Build Order

LowLinK Protoss - Winner!

Build Orders:  

Get SALT Encoding   

  12  0:04  Probe (Chrono Boost)  
  14  0:21  Probe (Chrono Boost)  
  14  0:25  Pylon  
  14  0:38  Probe (Chrono Boost)  
  15  0:51  Gateway  
  15  0:52  Probe (Chrono Boost)  
  16  1:04  Probe (Chrono Boost)  
  16  1:08  Assimilator  
  17  1:17  Probe (Chrono Boost)  
  17  1:19  Assimilator  
  18  1:34  Probe (Chrono Boost)  
  20  1:50  Pylon  
  20  1:51  Probe (Chrono Boost)  
  20  1:57  Cybernetics Core  
  20  2:08  Probe (Chrono Boost)  
  21  2:25  Probe (Chrono Boost)  
  22  2:41  Probe (Chrono Boost)  
  22  2:49  Pylon  
  23  3:03  Gateway  
  23  3:05  Gateway  
  23  3:10  Gateway  
  23  3:15  Gateway  
  23  3:29  Pylon  
  23  3:35  Sentry  
  25  3:47  Warp Gate (Chrono Boost)  
  25  4:47  Pylon  
  25  4:53  Stalker x3  
  25  4:54  Stalker x2  
  35  5:05  Pylon  
  35  5:21  Stalker  
  35  5:26  Stalker  
  35  5:27  Stalker x2  
  43  5:31  Sentry  
  45  5:45  Pylon  
  41  6:12  Stalker x2  
  43  6:23  Stalker  
  43  6:25  Zealot  
  47  6:43  Stalker  
  47  6:49  Sentry  
Tags
 
Add a new tag
Caveats
  • Supply blocks, unpowered buildings, or Contaminate may cause inaccurate times.
  • Supply counts are checked every 10 seconds.